cohdb
Replays
Latest Replays
All Replays
Popular Replays
Top Player Replays
Match Explorer
How It Works
Community
CoH3 Stats
Reddit
Sign in to upload your games and track your stats! →
Sign in with Steam
Match 43680507
Unlisted
Match 43680507
Overview
Messages
Build Orders
End
Panzergrenadier Squad
Panzergrenadier Squad
250 Light Carrier
Construct Light Support Kompanie
Panzergrenadier Squad
Selects Panzerjäger Kommand Battlegroup
Selects Mine Fields
Fire Support Elements
Selects Tank Busters
Combat Half-tracks
Panzerjäger Mechanized Group
Flakvierling Half-track
Panzergrenadier Squad
Selects Defensive Positions
Vehicle Survival Package
Panzergrenadier Squad
Selects Butterfly Bomb Drop
Panzerjäger Mechanized Group
Flakvierling Half-track
Construct Panzerarmee Kommand
Panzergrenadier Squad
Panzergrenadier Squad
Selects Crew Shock Tactics
Selects Anti-tank Overwatch
Panzerjäger Mechanized Group
MG34 Team
[82AD] PaulVmax
Valieriumborn
ValiantHawk
Training_Season
A2O
CalmSassarShow
rune41
Sponge_bobby
0
0
Comments
sign in to comment!
No comments posted yet!